 Dungeon Crawl Stone Soup version 0.20.0-6-gd3061e9 (webtiles) character file.

265 nikopol the Chopper (level 6, -1/57 HPs)
             Began as a Gargoyle Berserker on May 28, 2017.
             Was a Priest of Trog.
             Slain by an orc wizard
             ... wielding a +0 dagger of protection
              (2 damage)
             ... on level 3 of the Dungeon.
             The game lasted 00:04:22 (3098 turns).

nikopol the Chopper (Gargoyle Berserker)            Turns: 3098, Time: 00:04:23

Health: -1/57      AC: 19    Str: 26    XL:     6   Next: 20%
Magic:  6/6        EV:  9    Int:  7    God:    Trog [***...]
Gold:   179        SH:  0    Dex: 11    Spells: 5/5 levels left

rFire    + . .     SeeInvis .   a - +0 hand axe
rCold    . . .     Gourm    .   (no shield)
rNeg     + . .     Faith    .   r - +1 chain mail {rF+}
rPois    ∞         Spirit   .   n - +0 helmet
rElec    +         Reflect  .   u - +2 cloak {rPois}
rCorr    .         Harm     .   (no gloves)
MR       .....                  q - +0 pair of boots
Stlth    ..........             (no amulet)
Regen    0.2/turn               (no ring)
MPRegen  0.1/turn               (no ring)

@: berserking (expiring), slowed
A: negative energy resistance 1, electricity resistance, unbreathing,
petrification resistance, rot immunity, AC +4
a: Berserk, Trog's Hand, Burn Spellbooks, Renounce Religion


You were on level 3 of the Dungeon.
You worshipped Trog.
Trog was most pleased with you.
You were very hungry.

You visited 1 branch of the dungeon, and saw 3 of its levels.

You collected 179 gold pieces.

Inventory:

Hand Weapons
 a - a +0 hand axe (weapon)
Missiles
 t - 21 arrows (quivered)
Armour
 b - a +0 animal skin
 n - a +0 helmet (worn)
 p - a +0 leather armour
 q - a +0 pair of boots (worn)
 r - a +1 chain mail of fire resistance (worn)
 u - a +2 cloak of poison resistance (worn)
Scrolls
 d - a scroll of fear {unknown}
 g - a scroll of recharging {unknown}
 h - 4 scrolls of identify {unknown}
 i - 2 scrolls of random uselessness {unknown}
 k - 2 scrolls of remove curse {unknown}
 l - a scroll of enchant weapon {unknown}
 o - a scroll of teleportation {unknown}
Potions
 e - a potion of heal wounds {unknown}
 f - a potion of haste {unknown}
 m - a potion of curing {unknown}
 s - a potion of invisibility
Comestibles
 c - 3 bread rations
 j - a royal jelly


   Skills:
 + Level 4.2 Fighting
 + Level 5.0 Axes
 + Level 2.9 Armour
 + Level 2.2 Dodging


You had 5 spell levels left.
You didn't know any spells.

Dungeon Overview and Level Annotations

Branches:
Dungeon (3/15)

Altars:


Innate Abilities, Weirdness & Mutations

You are resistant to torment.
Your stone body is resilient. (AC +4)
You are immune to poison.
You resist negative energy. (rN+)
You are resistant to electric shocks. (rElec)
You can survive without breathing.
You are immune to petrification.
You are immune to rotting.


Message History

Trog accepts your kill.
Your Axes skill increases to level 5!
You closely miss the orc wizard. x2
The orc wizard hits you but does no damage. x2
You completely miss the orc wizard. You closely miss the orc wizard.
The orc wizard casts a spell at you. You resist with some effort.
The orc wizard hits you but does no damage.
You hit the orc wizard but do no damage.
You closely miss the orc wizard.
The orc wizard hits you but does no damage.
The orc wizard gestures at you while chanting.
You resist with some effort.
The orc wizard points at you and mumbles some strange words.
The magic dart hits you!
* * * LOW HITPOINT WARNING * * *
You barely miss the orc wizard. You completely miss the orc wizard.
The orc wizard misses you.
The orc wizard hits you with a dagger of protection.
You die...

# # .#. .
...o ..#.
#.#.#o.. #
......#
#.##.#..#
#.#.o#..#
#...@o..####
#.#..).....+
#.#.#...####
#.......#
###.#####
#.####
#....#
####.# #.#
.#


You could see 2 orc wizards.

Vanquished Creatures
  Crazy Yiuf (D:2)
  An orc priest (D:3)
  Terence (D:2)
  Robin (D:2)
  6 gnolls (D:3)
  4 adders
  A worm (D:2)
  2 leopard geckos (D:1)
  2 orcs (D:3)
  8 bats
  3 giant cockroaches
  9 goblins
  11 hobgoblins
  4 jackals (D:1)
  A quokka (D:1)
  A ball python (D:2)
  5 frilled lizards
  9 kobolds
  6 rats
  4 fungi (D:2)
80 creatures vanquished.

Notes
Turn   | Place    | Note
-------+----------+-------------------------------------------
     0 | D:1      | nikopol the Gargoyle Berserker began the quest for the Orb.
     0 | D:1      | Reached XP level 1. HP: 14/14 MP: 1/1
    93 | D:1      | Reached XP level 2. HP: 12/19 MP: 2/2
    97 | D:1      | Reached skill level 3 in Axes
   382 | D:1      | Reached XP level 3. HP: 24/24 MP: 3/3
   453 | D:1      | Reached ** piety under Trog
   893 | D:2      | Noticed Robin
   919 | D:2      | Killed Robin
   919 | D:2      | Reached XP level 4. HP: 14/29 MP: 4/4
  1562 | D:2      | Noticed Terence
  1572 | D:2      | Killed Terence
  1572 | D:2      | Reached skill level 4 in Axes
  1762 | D:2      | Reached XP level 5. HP: 33/33 MP: 5/5
  2218 | D:2      | Found a runed door.
  2222 | D:2      | Noticed Crazy Yiuf
  2241 | D:2      | Killed Crazy Yiuf
  2440 | D:3      | Reached *** piety under Trog
  2879 | D:3      | Reached XP level 6. HP: 17/38 MP: 6/6
  3095 | D:3      | Reached skill level 5 in Axes
  3097 | D:3      | HP: 1/57 [orc wizard/magic dart (5)]
  3098 | D:3      | Slain by an orc wizard

Skill      XL: |  1  2  3  4  5  6 |
---------------+-------------------+-----
Axes           | 3 4 5 |  5.0
Dodging        | 2 |  2.2
Fighting       | 4 |  4.2
Armour         | |  2.9

Action                   |  1- 3 |  4- 6 || total
-------------------------+-------+-------++-------
Melee: Hand axe          |   106 |   194 ||   300
Invok: Berserk           |     1 |     2 ||     3
  Eat: Chunk             |       |     7 ||     7
       Royal jelly       |       |     1 ||     1
Armor: Animal skin       |    59 |       ||    59
       Leather armour    |       |    14 ||    14
       Chain mail        |       |    71 ||    71
Dodge: Dodged            |    95 |    64 ||   159
